 Dungeon Crawl Stone Soup version 0.19.0 (webtiles) character file.

115 TheGoonsmith the Chiller (level 5, 0/24 HPs)
             Began as a Vine Stalker Ice Elementalist on Nov 15, 2016.
             Slain by a gnoll
             ... wielding a +0 spear of piercing
              (1 damage)
             ... on level 2 of the Dungeon.
             The game lasted 00:02:35 (1900 turns).

TheGoonsmith the Chiller (VSIE)                     Turns: 1900, Time: 00:02:35

Health: 0/24       AC:  2    Str: 10    XL:     5   Next: 0%
Magic:  0/10       EV: 12    Int: 16    God:
Gold:   114        SH:  0    Dex: 15    Spells: 3 memorised, 4 levels left

rFire  . . .     SeeInvis .     l - +1 flail (holy)
rCold  . . .     Gourm    .     a - +0 robe
rNeg   . . .     Faith    .     (no shield)
rPois  .         Spirit   +     (no helmet)
rElec  .         Reflect  .     (no cloak)
rCorr  .         Harm     .     (no gloves)
MR     .....                    (no boots)
Stlth  ++........               (no amulet)
                                (no ring)
                                (no ring)

@: no status effects
A: fangs 2, regeneration 1, magic shield, antimagic bite, no device heal 3, rot
immunity
a: no special abilities


You were on level 2 of the Dungeon.
You were not hungry.

You visited 1 branch of the dungeon, and saw 2 of its levels.

You collected 114 gold pieces.

Inventory:

Hand Weapons
 e - a +0 hand axe
 l - a +1 flail of holy wrath (weapon)
Armour
 a - a +0 robe (worn)
Wands
 r - a wand of random effects (28/48)
Scrolls
 d - 2 scrolls of magic mapping {unknown}
 h - 2 scrolls of remove curse {unknown}
 i - 4 scrolls of identify {unknown}
 j - a scroll of fear {unknown}
 n - a scroll of immolation {unknown}
 o - a scroll of recharging {unknown}
 q - a scroll of enchant armour {unknown}
Potions
 k - a potion of flight {unknown}
Books
 b - a book of Frost

   Spells                             Type                      Level
   a - Freeze                         Ice                          1
   b - Throw Frost                    Conjuration/Ice              2
   c - Ozocubu's Armour               Charms/Ice                   3
   d - Throw Icicle                   Conjuration/Ice              4
   e - Summon Ice Beast               Ice/Summoning                4
Comestibles
 c - 5 bread rations
 f - 3 beef jerkies
 g - a royal jelly
 m - a meat ration
 p - 2 chunks of flesh


   Skills:
 - Level 1.5 Dodging
 - Level 2.4 Stealth
 + Level 3.2 Spellcasting
 - Level 1.0 Conjurations
 * Level 4.9 Ice Magic


You had 4 spell levels left.
You knew the following spells:

 Your Spells              Type           Power        Failure   Level  Hunger
a - Freeze                Ice            ###.         2%          1    None
b - Throw Frost           Conj/Ice       ##....       10%         2    ##.....
q - Ozocubu's Armour      Chrm/Ice       ##......     21%         3    ###....


Dungeon Overview and Level Annotations

Branches:
Dungeon (2/15)

Altars:


Innate Abilities, Weirdness & Mutations

You have extremely sharp teeth.
Your natural rate of healing is unusually fast.
When hurt, damage is shared between your health and your magic reserves.
Your bite disrupts and absorbs the magic of your enemies.
Potions and wands cannot restore your health.
You are immune to rotting.


Message History

Aiming: Freeze
Press: ? - help, Shift-Dir - straight line, f/p - gnoll
Aim: a gnoll, wielding a short sword (lightly wounded)
You freeze the gnoll.
The gnoll is heavily wounded.
The gnoll barely misses you.
The gnoll hits you from afar with a spear of piercing.
Casting: Freeze
Confirm with . or Enter, or press ? or * to list all spells.
Aiming: Freeze
Press: ? - help, Shift-Dir - straight line, f/p - gnoll
Aim: a gnoll, wielding a short sword (heavily wounded)
You freeze the gnoll.
You kill the gnoll!
You have reached level 5!
The gnoll hits you from afar with a spear of piercing!
A gnoll comes into view.
The gnoll hits you with a spear of piercing!
* * * LOW HITPOINT WARNING * * *
You die...

## ... .. ### # #.# #. #..
.# #.# #.#.###
#.####.#####.# ... ..#
##.#...... ...? .g# ...
......#.# #.####...### #.#
........# #...@g.....# #.#
......#######.####...#.###.#
#.#. ....### #....#
.......<# ....
....######....# #.#.###.#
... ..####...)....# # #
#.####.. ........)...#.#
#g...... ##.###.##...#.#
#g####.. #.#.##.##...#.#
#.####.. .###(#.##......
#....gg.


You could see 2 gnolls.

Vanquished Creatures
  Ijyb (D:2)
  2 adders (D:2)
  2 gnolls
  3 dart slugs
  4 leopard geckos
  2 bats
  3 giant cockroaches
  5 goblins
  4 hobgoblins
  3 jackals (D:2)
  11 frilled lizards
  4 kobolds
  3 rats
47 creatures vanquished.

Notes
Turn   | Place    | Note
-------+----------+-------------------------------------------
     0 | D:1      | TheGoonsmith the Vine Stalker Ice Elementalist began the quest for the Orb.
     0 | D:1      | Reached XP level 1. HP: 9/9 MP: 4/4
   330 | D:1      | Reached XP level 2. HP: 10/13 MP: 0/6
   952 | D:2      | Reached XP level 3. HP: 16/16 MP: 3/7
  1081 | D:1      | Reached skill level 4 in Ice Magic
  1432 | D:2      | Gained mutation: Your natural rate of healing is unusually fast. [Vine Stalker growth]
  1432 | D:2      | Reached XP level 4. HP: 17/21 MP: 5/9
  1715 | D:2      | Learned a level 3 spell: Ozocubu's Armour
  1718 | D:2      | Learned a level 2 spell: Throw Frost
  1791 | D:2      | Noticed Ijyb
  1801 | D:2      | Killed Ijyb
  1899 | D:2      | Reached XP level 5. HP: 17/24 MP: 3/10
  1900 | D:2      | HP: 1/24 [gnoll/spear of piercing (8)]
  1900 | D:2      | Slain by a gnoll

Skill      XL: |  1  2  3  4 |
---------------+-------------+-----
Ice Magic      | 4 |  4.9
Spellcasting   | 3 |  3.2
Dodging        | |  1.5
Stealth        | |  2.4
Conjurations   | |  1.0

Action                   |  1- 3 |  4- 6 || total
-------------------------+-------+-------++-------
Melee: Hand axe          |     8 |       ||     8
       Bite              |     4 |     3 ||     7
       Flail             |     1 |    14 ||    15
 Cast: Freeze            |    43 |    29 ||    72
  Eat: Chunk             |     2 |     2 ||     4
Armor: Robe              |     6 |     4 ||    10
Dodge: Dodged            |    30 |    20 ||    50
